 Dungeon Crawl Stone Soup version 0.27-a0-1202-ge72e49191c (webtiles) character file.

Game seed: 2240971445242019355

580 polve the Skirmisher (level 7, -3/58 HPs)
             Began as a Demonspawn Abyssal Knight on June 2, 2021.
             Was a Believer of Lugonu.
             Slain by Pikel
             ... wielding a +0 whip of flaming
              (4 damage)
             ... on level 4 of the Dungeon.
             The game lasted 00:03:09 (4399 turns).

polve the Skirmisher (Demonspawn Abyssal Knight)    Turns: 4399, Time: 00:03:09

Health: -3/58      AC: 15    Str: 15    XL:     7   Next: 13%
Magic:  8/8        EV:  7    Int: 13    God:    Lugonu [**....]
Gold:   85         SH:  0    Dex: 12    Spells: 6/6 levels left

rFire    . . .     SeeInvis .   c - +3 hand axe (elec)
rCold    . . .     Faith    .   (no shield)
rNeg     . . .     Spirit   .   e - +0 chain mail
rPois    +         Reflect  .   (helmet restricted)
rElec    .         Harm     .   (no cloak)
rCorr    .         Rampage  .   (no gloves)
Will     .....                  (no boots)
Stlth    ..........             (no amulet)
HPRegen  0.19/turn              l - ring of poison resistance
MPRegen  0.11/turn              (no ring)

@: sanguine armoured, attractive
A: antennae 1, demonic guardian 1, sanguine armour 1
a: Renounce Religion, Depart the Abyss, Bend Space


You were on level 4 of the Dungeon.
You worshipped Lugonu.
Lugonu was pleased with you.
You visited 1 branch of the dungeon, and saw 4 of its levels.
You visited the Abyss 1 time.

You collected 85 gold pieces.

Inventory:

Hand Weapons
 a - a +1 short sword
 c - a +3 hand axe of electrocution (weapon)
Armour
 b - a +0 leather armour
 e - a +0 chain mail (worn)
Jewellery
 g - an amulet of faith
 j - a ring of positive energy
 l - a ring of poison resistance (left hand)
 m - a ring of resist corrosion
Wands
 h - a wand of mindburst (13)
Scrolls
 d - 3 scrolls of teleportation {unknown}
 i - 2 scrolls of silence {unknown}
 k - a scroll of immolation {unknown}
 o - 2 scrolls of blinking {unknown}


   Skills:
 - Level 6.0 Fighting
 - Level 4.0 Short Blades
 + Level 3.0 Armour
 + Level 2.5 Dodging
 - Level 2.4 Invocations


You had 6 spell levels left.
You didn't know any spells.
Your spell library was empty.

Dungeon Overview and Level Annotations

Branches:
Dungeon (4/15)
 Temple: D:4-7

Altars:

Shops:
D:2 =

Annotations:
D:4 Pikel, Sigmund


Innate Abilities, Weirdness & Mutations

You have a pair of small antennae on your head.
A weak demonic guardian rushes to your aid.
When seriously injured, your bleeding wounds create armour. (AC +6)


Message History

Your quasit claws the lemure but does no damage.
The lemure hits you but does no damage.
Your quasit bites the lemure but does no damage.
Your quasit misses the lemure.
Your quasit claws the lemure.
The lemure dies!
The orc is pulled toward you! The endoplasm is pulled toward you!
Pikel is pulled toward you!
You hit the orc.
The orc is almost dead.
Your quasit misses the orc.
Your quasit barely misses the orc.
Your quasit claws the orc.
The orc dies!
Lugonu accepts your kill.
Your quasit bites Pikel.
Your quasit claws Pikel but does no damage. x2
The endoplasm barely misses you.
Pikel hits your quasit with a +0 whip of flaming.
Pikel burns your quasit.
You hit the endoplasm.
Lightning courses through the endoplasm!
You kill the endoplasm!
Lugonu accepts your kill.
Your quasit bites Pikel but does no damage.
Your quasit claws Pikel.
Your quasit claws Pikel but does no damage.
Your quasit barely misses Pikel.
Your quasit misses Pikel.
Your quasit claws Pikel but does no damage.
You hit Pikel.
Pikel is moderately wounded.
Your quasit bites Pikel but does no damage.
Your quasit barely misses Pikel.
Your quasit claws Pikel.
Pikel hits you but does no damage. Something hits you but does no damage.
You barely miss Pikel.
Pikel is moderately wounded.
Your quasit disappears in a puff of smoke!
Pikel hits you but does no damage. Something hits you.
* * * LOW HITPOINT WARNING * * *
A demonic guardian appears!
Pikel hits you with a +0 whip of flaming.
You die...

## #5## #@## #
####K#######.#
#...ยง{.......###.#
######..#.##....#
## #..#.J..# #
#.###...#### #.#
#..# #.##..# .##
#.#..## ...


You could see Pikel (ally target) and a friendly shadow imp (summoned).

Vanquished Creatures
  Duvessa (D:4)
  A black bear (D:4)
  An ice beast (D:3)
  3 lemures (D:4)
  Dowan (D:4)
  A jelly (D:4)
  Terence (D:3)
  An iguana (D:4)
  A gnoll (D:2)
  6 adders
  A worm (D:4)
  2 dart slugs (D:2)
  10 orcs
  14 endoplasms
  4 giant cockroaches
  5 goblins
  9 hobgoblins
  7 kobolds
  6 ball pythons
  4 bats
  A frilled lizard (D:3)
  A rat (D:3)
81 creatures vanquished.

Vanquished Creatures (collateral kills)
  A lemure (D:4)
  An orc (D:4)
  A bat (D:1)
  A kobold (D:4)
4 creatures vanquished.

Grand Total: 85 creatures vanquished

Notes
Turn   | Place    | Note
-------+----------+-------------------------------------------
     0 | Abyss:1  | polve the Demonspawn Abyssal Knight began the quest for the
                  | Orb.
     0 | Abyss:1  | Reached XP level 1. HP: 18/18 MP: 2/2
     5 | Abyss:1  | Noticed a large abomination
     5 | D:1      | Escaped the Abyss
   179 | D:1      | Reached * piety under Lugonu
   515 | D:1      | Gained mutation: A weak demonic guardian rushes to your
                  | aid. [demonic ancestry]
   515 | D:1      | Reached XP level 2. HP: 21/24 MP: 3/3
  1166 | D:1      | Found a faded altar of an unknown god.
  1516 | D:1      | Reached XP level 3. HP: 26/29 MP: 4/4
  2244 | D:2      | Reached ** piety under Lugonu
  2403 | D:2      | Gained mutation: You have a pair of small antennae on your
                  | head. [demonic ancestry]
  2403 | D:2      | Reached XP level 4. HP: 35/35 MP: 5/5
  2508 | D:2      | Found Lier's Jewellery Boutique.
  2684 | D:3      | Noticed Terence
  2728 | D:3      | Killed Terence
  2748 | D:3      | Reached skill level 4 in Fighting
  3226 | D:3      | Gained mutation: When seriously injured, your bleeding
                  | wounds create armour. (AC +6) [demonic ancestry]
  3226 | D:3      | Reached XP level 5. HP: 42/42 MP: 6/6
  3301 | D:3      | Noticed an ice beast
  3307 | D:3      | Killed an ice beast
  3308 | D:3      | Reached skill level 5 in Fighting
  4062 | D:4      | Noticed Dowan
  4069 | D:4      | Noticed a black bear
  4070 | D:4      | Noticed Duvessa
  4076 | D:4      | Killed Duvessa
  4077 | D:4      | Reached skill level 6 in Fighting
  4077 | D:4      | Reached skill level 1 in Dodging
  4077 | D:4      | Reached XP level 6. HP: 46/52 MP: 7/7
  4086 | D:4      | Killed Dowan
  4087 | D:4      | Reached XP level 7. HP: 21/58 MP: 8/8
  4341 | D:4      | Noticed Sigmund
  4341 | D:4      | Noticed Pikel
  4399 | D:4      | HP: 1/58 [something (6)]
  4399 | D:4      | Slain by Pikel

Illustrated notes

Levels and vault maps discovered:
D:1:      minmay_arrival_four_loops, layout_basic,
          shapermc_ecumenical_altar_hornbeckon
D:2:      layout_rooms, serial_shops, nicolae_shop_window_shopping,
          serial_bayou_pond_b, minmay_box_of_dots
D:3:      layout_basic, minmay_misc_feat_hallway, st_stairs_9,
          kennysheep_generic_room_9, uniq_terence
D:4:      minmay_recursive_quarters, layout_loops_ring,
          ashenzari_conservatory_becter, minmay_temple_entry_poolview,
          uniq_sigmund, uniq_pikel, uniq_duvessa, uniq_crazy_yiuf_cottage,
          uniq_grinder

Skill      XL: |  1  2  3  4  5  6  7 |
---------------+----------------------+-----
Short Blades   | 2 3 4 |  4.0
Fighting       | 4 6 |  6.0
Dodging        | 1 2 |  2.5
Armour         | 2 3 |  3.0
Invocations    | |  2.4

Action                   |  1- 3 |  4- 6 |  7- 9 || total
-------------------------+-------+-------+-------++-------
Melee: Short sword       |   148 |     5 |       ||   153
       Unarmed           |       |    29 |       ||    29
       Hand axe          |       |    66 |    35 ||   101
Invok: Depart the Abyss  |     1 |       |       ||     1
  Use: Potion            |       |     2 |     3 ||     5
Armor: Leather armour    |    18 |       |       ||    18
       Chain mail        |    51 |    51 |    37 ||   139
       Skin              |       |    26 |       ||    26
Dodge: Dodged            |    47 |    27 |    18 ||    92

Table legend: (Time is in decaauts)
 A = Elapsed time spent in this place.
 B = Non-inter-level travel time spent in this place.
 C = Inter-level travel time spent in this place.
 D = Time resting spent in this place.
 E = Time spent auto-exploring this place.
 F = Levels seen in this place.
 G = Mean time per level.
                   A        B        C        D        E       F      G
               +--------+--------+--------+--------+--------+-----+--------+
         Total |   4426 |   4349 |     77 |      5 |   3767 |   5 |  885.2 |
       Dungeon |   4421 |   4344 |     77 |      5 |   3762 |   4 | 1105.2 |
         Abyss |      5 |      5 |      0 |      0 |      5 |   1 |    5.0 |
               +--------+--------+--------+--------+--------+-----+--------+

Top non-repeatable levels by time:
     D:1: 1947 daAuts
     D:3: 1356 daAuts
     D:2: 731 daAuts
     D:4: 386 daAuts
 Abyss:1: 5 daAuts
